 Dungeon Crawl Stone Soup version 0.31.0-11-ge490571c62 (webtiles) character file.

Game seed: 18411023575013898545

51 qw the Shooter (level 3, -4/18 HPs)
             Began as a Spriggan Hunter on Feb 3, 2024.
             Slain by a gnoll
             ... wielding a +0 spear
              (6 damage)
             ... on level 2 of the Dungeon.
             The game lasted 00:00:03 (1008 turns).

qw the Shooter (Spriggan Hunter)                    Turns: 1008, Time: 00:00:03

Health: -4/18      AC:  2    Str:  7    XL:     3   Next: 57%
Magic:  4/4        EV: 19    Int: 10    God:
Gold:   10         SH:  0    Dex: 20    Spells: 2/2 levels left

rFire   . . .        a - +0 shortbow
rCold   . . .        (shield currently unavailable)
rNeg    . . .        c - +0 robe
rPois   +            (helmet restricted)
rElec   .            (no cloak)
rCorr   .            (gloves unavailable)
SInv    +            (boots unavailable)
Will    .....        (no amulet)
Stlth   ++           e - ring of poison resistance
HPRegen 0.23/turn    (no ring)
MPRegen 0.09/turn

%: no passive effects
@: very quick
A: very small, no large weapons, unfitting armour, see invisible, speed 3
a: no special abilities


You were on level 2 of the Dungeon.
You visited 1 branch of the dungeon, and saw 2 of its levels.

You collected 10 gold pieces.


Innate Abilities, Weirdness & Mutations

You are very small and have problems with some larger weapons.
You are too small for most types of armour.
You have supernaturally acute eyesight. (SInv)
You cover ground extremely quickly. (Speed+++)


   Skills:
 - Level 1.5 Fighting
 + Level 4.8 Ranged Weapons
 - Level 4.0 Dodging
 - Level 1.5 Stealth


You had 2 spell levels left.
You didn't know any spells.
Your spell library was empty.

Inventory:

Hand Weapons
 a - a +0 shortbow (weapon)
Armour
 c - a +0 robe (worn)
Jewellery
 e - a ring of poison resistance (left hand)
Potions
 f - a potion of curing

Dungeon Overview and Level Annotations

Branches:
Dungeon (2/15)

Altars:


Message History

You shoot an arrow.
The arrow barely misses the giant cockroach.
The gnoll misses you.
The giant cockroach bites you but does no damage.
The gnoll barely misses you.
You shoot an arrow. The arrow hits the giant cockroach.
The giant cockroach is almost dead.
The giant cockroach bites you. The gnoll barely misses you.
You shoot an arrow.
The arrow completely misses the giant cockroach.
The giant cockroach bites you. The gnoll completely misses you.
The giant cockroach bites you.
You shoot an arrow.
The arrow completely misses the giant cockroach.
The giant cockroach closely misses you. The gnoll barely misses you.
You shoot an arrow. The arrow hits the giant cockroach!
You kill the giant cockroach!
The gnoll misses you.
1001 ||| RETREEEEATING.
You shoot an arrow. The arrow hits the gnoll.
The gnoll is moderately wounded.
The gnoll closely misses you.
1003 ||| RETREEEEATING.
You shoot an arrow. The arrow hits the gnoll.
The gnoll is severely wounded.
The gnoll barely misses you. The gnoll hits you with a +0 spear!
You shoot an arrow. The arrow closely misses the gnoll.
The arrow barely misses the gnoll.
The gnoll misses you.
You shoot an arrow. The arrow closely misses the gnoll.
The arrow hits the gnoll but does no damage.
The gnoll closely misses you.
You shoot an arrow. The arrow hits the gnoll.
The gnoll is almost dead.
The gnoll closely misses you.
You shoot an arrow. The arrow closely misses the gnoll.
The arrow hits the gnoll.
The gnoll is moderately wounded.
The gnoll hits you with a +0 spear.
You die...

. #.# #.#.# #
#.#.#.# #.#.#.# ..
...#. ...
...####.# ...##
#........ .....
#.#.###.## ..g...
#@#.......
......#'#g#.....#
....g.g..g......#.
##.#.............
#...............
#...............
#.............#
#.......#######
#.....###


You could see 2 gnolls.

Vanquished Creatures
  A gnoll (D:2)
  An adder (D:2)
  A dart slug (D:1)
  4 endoplasms (D:1)
  A giant cockroach (D:2)
  A goblin (D:1)
  4 hobgoblins (D:1)
  2 jackals (D:1)
  2 ball pythons (D:1)
  4 bats (D:1)
  2 frilled lizards (D:1)
  2 kobolds (D:1)
  A rat (D:1)
26 creatures vanquished.

Notes
Turn   | Place    | Note
-------+----------+-------------------------------------------
     0 | D:1      | qw the Spriggan Hunter began the quest for the Orb.
     0 | D:1      | Reached XP level 1. HP: 10/10 MP: 2/2
     0 | D:1      | 0 ||| qw: Version: 0.3-a-157-g843a77d
     0 | D:1      | 0 ||| qw: Game counter: 4042
     0 | D:1      | 0 ||| qw: Melee chars always use a shield: true
     0 | D:1      | 0 ||| qw: God list: Okawaru
     0 | D:1      | 0 ||| qw: Allow faded altars: false
     0 | D:1      | 0 ||| qw: Do Orc after clearing Dungeon:15 true
     0 | D:1      | 0 ||| qw: Do second Lair branch before Depths: true
     0 | D:1      | 0 ||| qw: Lair rune preference: random
     0 | D:1      | 0 ||| qw: Goals: Normal
     0 | D:1      | 0 ||| PLANNING D:1-11
    32 | D:1      | Reached skill level 3 in Dodging
    68 | D:1      | Reached XP level 2. HP: 14/14 MP: 3/3
   613 | D:1      | Reached XP level 3. HP: 18/18 MP: 4/4
   788 | D:1      | 788 ||| UPGRADING to ring of poison resistance.
   789 | D:1      | 789 ||| READING scroll labelled ULEBBA YVOXA.
   822 | D:1      | 822 ||| READING scroll labelled LOUCHA MAAJOO.
   822 | D:1      | 822 ||| IDENTIFYING silvery potion
   823 | D:1      | 823 ||| READING scroll labelled HOZUTRAUCU.
   924 | D:1      | 924 ||| DROPPING scroll of butterflies.
   985 | D:2      | 985 ||| RETREEEEATING.
   986 | D:2      | 986 ||| RETREEEEATING.
   988 | D:2      | 988 ||| RETREEEEATING.
   990 | D:2      | 990 ||| RETREEEEATING.
  1001 | D:2      | 1001 ||| RETREEEEATING.
  1003 | D:2      | 1003 ||| RETREEEEATING.
  1004 | D:2      | HP: 1/18 [gnoll/+0 spear (8)]
  1008 | D:2      | Slain by a gnoll

Levels and vault maps discovered:
D:1:      kennysheep_arrival_forest, layout_basic, minivault_19
D:2:      layout_basic

Skill      XL: |  1  2 |
---------------+-------+-----
Dodging        | 3 4 |  4.0
Fighting       | |  1.5
Ranged Weapons | |  4.8
Stealth        | |  1.5

Action                     || total
---------------------------++-------
   Fire: Shortbow          ||    72
    Use: Scroll            ||     3
 Armour: Robe              ||    11
  Dodge: Dodged            ||    34

Table legend:
 A = Non-vault XP
 B = Vault XP
 C = Vault XP percentage of total XP
 D = Non-vault monster count
 E = Vault monster count
 F = Vault count percentage of total count
                 A         B        C        D         E       F
            +---------+---------+-------+---------+---------+-------
      Total |      73 |       0 |   0.0 |      26 |       0 |   0.0
            +---------+---------+-------+---------+---------+-------
        D:1 |      42 |       0 |   0.0 |      23 |       0 |   0.0
        D:2 |      31 |       0 |   0.0 |       3 |       0 |   0.0
            +---------+---------+-------+---------+---------+-------
